 Dungeon Crawl Stone Soup version 0.30.1-9-gdf580d7c3d (webtiles) character file.

Game seed: 18172501995759287586

23 KittyFluff the Trooper (level 3, -4/23 HPs)
             Began as a Gargoyle Berserker on Oct 21, 2023.
             Was a Follower of Trog.
             Slain by Sigmund
             ... wielding a +0 scythe
              (6 damage)
             ... on level 2 of the Dungeon.
             The game lasted 00:03:36 (901 turns).

KittyFluff the Trooper (Gargoyle Berserker)          Turns: 901, Time: 00:03:36

Health: -4/23      AC:  6    Str: 22    XL:     3   Next: 0%
Magic:  3/3        EV: 11    Int:  7    God:    Trog [*.....]
Gold:   49         SH:  0    Dex:  9    Spells: 2/2 levels left

rFire   . . .        a - +0 mace
rCold   . . .        (no shield)
rNeg    + . .        d - +0 leather armour
rPois   ∞            (no helmet)
rElec   +            (no cloak)
rCorr   .            (no gloves)
SInv    .            (no boots)
Will    .....        (no amulet) Stlth
                     (no ring)
HPRegen 0.23/turn    (no ring)
MPRegen 0.08/turn

%: no passive effects
@: confused
A: sickness immunity, AC +3, negative energy resistance 1, electricity
resistance, torment resistance 1, petrification resistance
a: Renounce Religion, Berserk


You were on level 2 of the Dungeon.
You worshipped Trog.
Trog was aware of your devotion.
You visited 1 branch of the dungeon, and saw 2 of its levels.

You collected 49 gold pieces.

Inventory:

Hand Weapons
 a - a +0 mace (weapon)
Armour
 d - a +0 leather armour (worn)
Scrolls
 e - 3 scrolls of identify {unknown}
 f - a scroll of poison {unknown}
Potions
 b - a potion of brilliance {unknown}
 c - a potion of curing {unknown}
 g - 2 potions of heal wounds {unknown}


   Skills:
 + Level 3.5 Fighting
 * Level 3.3 Maces & Flails
 * Level 2.7 Armour
 + Level 1.8 Dodging


You had 2 spell levels left.
You didn't know any spells.
Your spell library was empty.

Dungeon Overview and Level Annotations

Branches:
Dungeon (2/15)

Altars:

Annotations:
D:2 Sigmund


Innate Abilities, Weirdness & Mutations

You are immune to sickness and miasma.
Your stone body is resilient. (AC +3)
You are immune to poison.
You resist negative energy. (rN+)
You are resistant to electric shocks. (rElec)
You are resistant to unholy torment.
You are immune to petrification.


Message History

g - 2 glowing pink potions
There is an open door here.
As you open the door, it creaks loudly!
There is an open door here.
There is a stone staircase leading down here.
You climb downwards.
Sigmund shouts!
The goblin shouts!
Found a bubbling pink potion.
Found a stone staircase leading up.
There is a stone staircase leading up here.
Sigmund casts a spell at you.
You are confused.
Found a stone staircase leading down.
The goblin hits you but does no damage. Sigmund gestures at you while chanting.
The magic dart hits you.
A kobold comes into view. It is wielding a +0 short sword.
You closely miss the goblin.
The kobold shouts!
The goblin barely misses you.
Sigmund mumbles some strange words.
Sigmund flickers and vanishes!
Deactivating autopickup; reactivate with Ctrl-A.
You miss something. The goblin closely misses you.
You hear some strange, mumbled words.
You are more confused.
The kobold throws a stone.
The stone misses you.
The stone hits the goblin.
The goblin barely misses you. Something hits you.
The kobold throws a stone.
The stone hits you but does no damage.
You hit the goblin.
The goblin is heavily wounded.
The goblin hits you with a +0 club. Something hits you!
* * * LOW HITPOINT WARNING * * *
A worm comes into view.
You are too confused!
You closely miss the goblin.
The goblin is heavily wounded.
A giant cockroach comes into view.
The goblin hits you with a +0 club.
* * * LOW HITPOINT WARNING * * *
The goblin barely misses you. Something hits you.
You die...

......#
......>
..<..w.
......B
.......#####
.......K...#
.......{...#
........@..#
###....g...#
#....<...#
#........#
#.........#
......!....#
###........#
##########


You could see a worm, a giant cockroach, a goblin and a kobold.

Vanquished Creatures
  A dart slug (D:1)
  A ball python (D:1)
  3 bats (D:1)
  A giant cockroach (D:1)
  4 goblins (D:1)
  4 jackals (D:1)
  A quokka (D:1)
  2 frilled lizards (D:1)
  A rat (D:1)
18 creatures vanquished.

Notes
Turn   | Place    | Note
-------+----------+-------------------------------------------
     0 | D:1      | KittyFluff the Gargoyle Berserker began the quest for the
                  | Orb.
     0 | D:1      | Reached XP level 1. HP: 14/14 MP: 1/1
   191 | D:1      | Reached XP level 2. HP: 16/19 MP: 2/2
   793 | D:1      | Reached XP level 3. HP: 23/23 MP: 3/3
   891 | D:2      | Noticed Sigmund
   901 | D:2      | Slain by Sigmund

Illustrated notes

Levels and vault maps discovered:
D:1:      dpeg_arrival_oval, layout_loops_corners, chequers_garden,
          minmay_heptomino_h4
D:2:      layout_rooms, minmay_cut_off, uniq_jessica, uniq_sigmund

Action                     || total
---------------------------++-------
  Melee: Mace              ||    51
 Armour: Animal skin       ||    10
         Leather armour    ||    10
         Skin              ||     1
  Dodge: Dodged            ||    39
